← All builds
Suicide front / Armada / Factory first / OBSERVED BUILD

Standard suicide front

Armada Suicide front build order · Supreme Isthmus

The role's baseline: Bot Lab at 0:21 then straight into reclaim-fed T1 bot production to contest the middle and hold until T2 arrives, with an Advanced Metal Extractor around 9:45.

#rush · 2007 distinct matches · 229 players · 72% of Armada Suicide front games · team won 59% of 2381 · Recently observed

HOW TO PLAY IT

Key timing: Bot Lab by 0:20

  1. Open with mex and lab-first to get Bot Lab up by 0:20.
  2. Expand mex and wind while lab pumps units toward middle.
  3. Push Sentry and early Rocketeer, Centurion to contest middle.
  4. Get T2 constructor out once Pond's boost lets you spare metal.
  5. Upgrade mex to Advanced Metal Extractor as you transition off T1 spam.

Phase by phase

TYPICAL OF ITS 2007 GAMES
  1. 1
  2. 2
  3. 3
PLAY THE OPENING

Follow the example game's first 6:00 step by step: what to build now, what comes next, and where it goes. At 1× it keeps pace with your own game.

  1. 1

    Bot Lab first

    Order
    1. Bot LabBot Lab done ~0:21, middle half 0:20–0:33

    Some games also: mex (44%)

  2. 2

    Bot Lab to 5:00

    Economy
    • Metal Extractor5Mex
    • Wind Turbine4Wind
    Builders
    • Construction Bot3 Con bot
    • Lazarus2 Lazarus
    Army
    • Sentry4 Sentry
    • Rocketeer16 Rocketeer
    • Tick2 Tick
    • Centurion1 Centurion
    Other
    • Radar Tower1 Radar Tower

    Some games also: pawn (38%) · con turret (34%)

    By 5:00 in all: 5 mex · 4 wind

    The example game in this phase · 42 steps
    1. TickTick
    2. Mex
    3. LazarusLazarus
    4. Mex
    5. Solar
    6. Wind
    7. Construction BotCon bot
    8. Mex
    9. SentrySentry
    10. Construction BotCon bot
    11. CenturionCenturion
    12. Mex
    13. PawnPawn
    14. LazarusLazarus
    15. Mex
    16. PawnPawn
    17. RocketeerRocketeer
    18. SentrySentry
    19. RocketeerRocketeer
    20. Mex
    21. RocketeerRocketeer ×2
    22. SentrySentry
    23. RocketeerRocketeer ×2
    24. Dragon's TeethDragon's Teeth ×4
    25. RocketeerRocketeer
    26. Dragon's TeethDragon's Teeth ×2
    27. RocketeerRocketeer ×4
    28. Con turret
    29. RocketeerRocketeer ×4
    30. Wind
    31. Dragon's TeethDragon's Teeth
    32. RocketeerRocketeer
    33. Dragon's TeethDragon's Teeth
    34. Wind
    35. Dragon's TeethDragon's Teeth ×2
    36. RocketeerRocketeer
    37. Wind
    38. PawnPawn
    39. Wind
    40. PawnPawn ×2
    41. Wind
    42. PawnPawn ×2
  3. 3

    5:00 to 10:00

    Economy
    • Metal Extractor1Mex
    • Wind Turbine15Wind
    Builders
    • Construction Turret2 Con turret
    • Lazarus2 Lazarus
    • Construction Bot1 Con bot
    Army
    • Sentry1 Sentry
    • Rocketeer8 Rocketeer

    Some games also: pawn (49%) · Radar Tower (46%) · tick (45%) · centurion (44%) · energy storage (43%) · eat Bot Lab (31%)

    By 10:00 in all: 6 mex · 21 wind · 1 energy storage · 2 con turret

    The example game in this phase · 119 steps
    1. Wind
    2. PawnPawn
    3. Wind
    4. Construction BotCon bot
    5. Wind
    6. Construction BotCon bot
    7. Wind
    8. RocketeerRocketeer
    9. PawnPawn
    10. Dragon's TeethDragon's Teeth
    11. PawnPawn
    12. Dragon's TeethDragon's Teeth
    13. Wind
    14. PawnPawn
    15. Dragon's TeethDragon's Teeth ×2
    16. PawnPawn
    17. Wind
    18. RocketeerRocketeer
    19. Radar TowerRadar Tower
    20. PawnPawn
    21. Wind
    22. PawnPawn
    23. BeamerBeamer
    24. PawnPawn
    25. LazarusLazarus
    26. Wind
    27. PawnPawn
    28. Wind
    29. PawnPawn
    30. Wind
    31. PawnPawn ×2
    32. Wind
    33. PawnPawn
    34. GauntletGauntletnot finished by 15:00
    35. BeamerBeamer
    36. Wind
    37. PawnPawn ×3
    38. Wind
    39. PawnPawn ×6
    40. Mex
    41. PawnPawn ×2
    42. BeamerBeamer
    43. PawnPawn
    44. RocketeerRocketeer ×2
    45. Sneaky PeteSneaky Pete
    46. RocketeerRocketeer
    47. Construction BotCon bot
    48. RocketeerRocketeer
    49. Energy storage
    50. RocketeerRocketeer ×2
    51. Con turret
    52. RocketeerRocketeer
    53. Wind
    54. RocketeerRocketeer ×2
    55. PawnPawn
    56. GauntletGauntlet
    57. PawnPawn
    58. Advanced Metal ExtractorT2 mexdone 10:12 · typical 9:46
    59. Wind
    60. PawnPawn
    61. Wind
    62. LazarusLazarus
    63. Wind ×2
    64. LazarusLazarus
    65. Advanced Metal ExtractorT2 mex
    66. Mex
    67. Dragon's TeethDragon's Teeth ×11
    68. Advanced Metal ExtractorT2 mex
    69. Dragon's TeethDragon's Teeth
    70. Con turret
    71. PawnPawn ×3
    72. LazarusLazarus
    73. Advanced Metal ExtractorT2 mex
    74. LazarusLazarus
    75. PawnPawn
    76. BeamerBeamer
    77. PawnPawn ×6
    78. Wind ×2
    79. PawnPawn
    80. Solar
    81. PawnPawn
    82. Advanced Metal ExtractorT2 mex
    83. Bot LabBot Labdone 13:17
    84. Solar
    85. PawnPawn
    86. Wind
    87. PawnPawn
    88. Solar
    89. PawnPawn
    90. Wind
    91. PawnPawn ×5
    92. Wind
    93. PawnPawn
    94. Solar
    95. PawnPawn
    96. LazarusLazarus
    97. Wind
    98. RattlesnakeRattlesnakenot finished by 15:00
    99. LazarusLazarus
    100. Wind
    101. PawnPawn ×2
    102. Dragon's TeethDragon's Teeth ×2
    103. Solar
    104. Dragon's TeethDragon's Teeth
    105. PawnPawn
    106. Dragon's TeethDragon's Teeth
    107. Wind
    108. Dragon's TeethDragon's Teeth ×2
    109. PawnPawn
    110. Dragon's TeethDragon's Teeth ×2
    111. PawnPawn
    112. Dragon's TeethDragon's Teeth ×3
    113. PawnPawn
    114. Dragon's TeethDragon's Teeth ×3
    115. PawnPawn
    116. Dragon's TeethDragon's Teeth ×2
    117. Construction BotCon bot
    118. Solar
    119. Dragon's TeethDragon's Teeth ×3

Counts are medians over the build's games: half of them build more, half fewer. The example game is [MADO]MyDude's (32 OS, 03/10/2026); pick another.

Team trades

IN AT LEAST 30% OF ITS GAMES

You hand over

Nothing regular.

You get

  • Tidal Generator4 Tidal from Pondfirst at 0:10 · in 68% of games
  • Advanced Construction Bot1 T2 con bot from Geo or Techfirst at 7:41 · in 57% of games

How it plays out

Typical game of this build, running totals by minute

Metal produced

010k20k
0:005:0010:0015:00

metal

Enemy metal destroyed

05k10k
0:005:0010:0015:00

metal

Own metal lost

05k10k
0:005:0010:0015:00

metal

2381 games.

Show as table
ByMetal produced: This buildEnemy metal destroyed: This buildOwn metal lost: This build
1:0023000
2:0088700
3:002009184130
4:003110645502
5:00418513571001
6:00534921831713
7:00653930512597
8:00776039383502
9:00904546934382
10:001041853145176
11:001189258555965
12:001360364066686
13:001541268767439
14:001729875038212
15:001926981098997
WHAT THE NUMBERS SAY

Standard Suicide front play wins a bit over half its games while taking the heaviest own losses of any role by 15:00.

  • + Produces 20142 metal by 15:00, highest of the front roles.
  • + First kill by 2:01 in all games, fastest contest of middle.
  • − Own metal lost hits 9178 by 15:00, more than enemy metal destroyed.
  • − Only 34% Rocketeer share shows army spread thin across many bot types.
THE EXAMPLE YOU ARE READING

[MADO]MyDude

32.1 OS · 03/10/2026

Open source match ↗

10 received units · includes a constructor
131 metal received · 19935 energy received

Allied construction assistance is unknown. Timings are observations, not a promise of solo reproducibility.

Typical milestones

Bot Lab0:21Middle 50%: 0:20–0:33 · n=2373
Advanced Metal Extractor9:46Middle 50%: 8:50–10:58 · n=1721

Played most by

_X_262games of this buildPlatinumBlonde188games of this buildXad166games of this buildTrapCaT107games of this buildImmort80games of this build